 Dungeon Crawl Stone Soup version 0.25.1-2-g60ff931df9 (webtiles) character file.

Game seed: 16883430290401567611

2338 H0rd4k the Thaumaturge (level 9, -21/45 HPs)
             Began as a Deep Elf Wizard on Sept 21, 2020.
             Was an Initiate of Gozag.
             Demolished by a two-headed ogre
             ... wielding a +0 giant spiked club
              (24 damage)
             ... on level 8 of the Dungeon.
             The game lasted 00:23:16 (10791 turns).

H0rd4k the Thaumaturge (Deep Elf Wizard)           Turns: 10791, Time: 00:23:17

Health: -21/45     AC:  6    Str:  4    XL:     9   Next: 19%
Magic:  12/25      EV: 13    Int: 27    God:    Gozag
Gold:   177        SH:  0    Dex: 13    Spells: 19/28 levels left

rFire    + . .     SeeInvis .   y - staff of fire
rCold    . . .     Gourm    .   (no shield)
rNeg     . . .     Faith    +   E - +2 robe {Archmagi}
rPois    +         Spirit   .   b - +2 hat
rElec    .         Reflect  .   (no cloak)
rCorr    .         Harm     .   (no gloves)
MR       .....                  (no boots)
Stlth    +++.......             i - amulet of faith
HPRegen  0.15/turn              w - ring of poison resistance
MPRegen  0.19/turn              (no ring)

@: no status effects
A: no striking features
a: Potion Petition, Call Merchant, Bribe Branch, Renounce Religion


You were on level 8 of the Dungeon.
You worshipped Gozag.
Gozag was aware of your devotion.
You were not hungry.

You visited 2 branches of the dungeon, and saw 9 of its levels.
You also visited: Ossuary.

You collected 537 gold pieces.
You spent 210 gold pieces at shops.
You paid 150 gold pieces to Gozag.

Inventory:

Hand Weapons
 c - a +1 dagger of flaming
 j - a +2 dagger of holy wrath
 x - the +7 morningstar "Cilel" {vorpal, Int+3}
   (You found it on level 5 of the Dungeon)

   It inflicts extra damage upon your enemies.
   It affects your intelligence (+3).
Missiles
 k - 41 poisoned darts (quivered)
Armour
 b - a +2 hat (worn)
 o - a +0 robe
 B - a +1 leather armour of positive energy
 D - a +1 robe of fire resistance
 E - a +2 robe of the Archmagi (worn)
Magical Staves
 y - an uncursed staff of fire (weapon)
Jewellery
 e - a cursed -4 ring of intelligence {unknown}
 i - an amulet of faith (around neck)
 w - a ring of poison resistance (left hand)
Scrolls
 f - 3 scrolls of teleportation
 g - 2 scrolls of enchant weapon
 n - 2 scrolls of magic mapping
 t - 6 scrolls of remove curse
 A - a scroll of vulnerability {unknown}
Potions
 a - a potion of berserk rage
 l - 9 potions of curing
 m - 5 potions of heal wounds
 p - a potion of might
 r - 2 potions of cancellation
 u - 6 potions of brilliance
 v - 2 potions of lignification
 z - 4 potions of degeneration
 C - a potion of magic
Comestibles
 d - 7 rations


   Skills:
 - Level 0.2 Fighting
 + Level 3.4 Dodging
 + Level 4.0 Stealth
 + Level 10.2 Spellcasting
 + Level 6.9 Conjurations
   Level 1.1 Summonings
 + Level 1.9 Translocations
 * Level 4.4 Fire Magic
 * Level 3.7 Air Magic
 * Level 3.7 Poison Magic


You had 19 spell levels left.
You knew the following spells:

 Your Spells              Type           Power        Failure   Level  Hunger
a - Magic Dart            Conj           ####         1%          1    None
b - Blink                 Tloc           N/A          2%          2    None
c - Conjure Flame         Conj/Fire      #######.     1%          3    None
d - Mephitic Cloud        Conj/Pois/Air  ######..     1%          3    None

Your spell library contained the following spells:

 Spells                   Type           Power        Failure   Level  Hunger
 Call Imp                 Summ           ####....     4%          2    None
 Slow                     Hex            ###.....     6%          2    None


Dungeon Overview and Level Annotations

Branches:
Dungeon (8/15)             Temple (1/1) D:6         Ossuary (visited)
   Lair: D:8-11

Altars:
Ashenzari
Cheibriados
Dithmenos
Elyvilon
Fedhas
Gozag
Makhleb
Nemelex Xobeh
Qazlal
Ru
Sif Muna
Trog
Uskayaw
Vehumet
Wu Jian
Yredelemnul
Zin
The Shining One

Shops:
D:4 [!%=

Annotations:
D:2 exclusion: downstairs
D:7 exclusions: centaur and hornet, Joseph


Message History

Aim: a two-headed ogre, wielding a +0 giant spiked club and a +0 giant club (flame, moderately wounded)
You feel a surge of power!
The magic dart hits the two-headed ogre but does no damage.
The two-headed ogre is moderately wounded.
Casting: Magic Dart (safe; 1% risk of failure)
Confirm with . or Enter, or press ? or * to list all spells.
Aiming: Magic Dart (safe; 1% risk of failure)
Press: ? - help, Shift-Dir - straight line, f/p - two-headed ogre
Aim: a two-headed ogre, wielding a +0 giant spiked club and a +0 giant club (flame, moderately wounded)
You feel a surge of power!
The magic dart hits the two-headed ogre.
The two-headed ogre is moderately wounded.
The two-headed ogre is engulfed in blazing flames.
The two-headed ogre hits you with a +0 giant spiked club!!
Ouch! That really hurt!
* * * LOW HITPOINT WARNING * * *
The two-headed ogre hits you with a +0 giant club!!
Ouch! That really hurt!
You die...
Your body crumbles into a pile of gold.

#########
#☼☼.O.... #O#
#@# #.# #.#
#.# +# #.# .#
#.#########.#
#.........#.#
#.......#.#.#
#.#####.#.#.#


You could see a two-headed ogre.

Vanquished Creatures
  A water moccasin (D:7)
  A black bear (D:7)
  A sky beast (D:6)
  An ice beast (D:7)
  An ogre (D:4)
  2 phantoms (D:4)
  An elf zombie (Ossuary)
  2 bullfrogs (D:6)
  A scorpion (D:6)
  8 wights
  2 centaur zombies (D:4)
  A human zombie (Ossuary)
  A bullfrog zombie (D:5)
  2 orc priests
  A bullfrog skeleton (D:6)
  A gnoll shaman (D:7)
  2 hounds
  3 orc wizards
  2 centaur skeletons
  Jessica (D:2)
  Ijyb (D:3)
  2 iguanas
  5 worker ants
  3 big kobold zombies (Ossuary)
  2 hound zombies
  A hound skeleton (D:7)
  4 mummies (Ossuary)
  3 worker ant zombies
  9 gnolls
  9 adders
  An ooze (D:4)
  An adder skeleton (D:4)
  An adder zombie (D:5)
  5 dart slugs
  5 worms
  4 leopard geckos
  9 orcs
  2 bats
  A giant cockroach (D:4)
  4 goblins
  4 hobgoblins
  9 jackals
  8 kobolds
  A quokka (D:6)
  2 frilled lizards (D:2)
  A giant cockroach zombie (D:4)
  A gnoll zombie (Ossuary)
  A goblin zombie (Ossuary)
  A hobgoblin zombie (Ossuary)
  A leopard gecko skeleton (D:5)
  A leopard gecko zombie (D:4)
  2 orc zombies (Ossuary)
  4 quokka skeletons
  2 quokka zombies (D:4)
  2 rats
  A rat zombie (Ossuary)
148 creatures vanquished.

Notes
Turn   | Place    | Note
-------+----------+-------------------------------------------
     0 | D:1      | H0rd4k the Deep Elf Wizard began the quest for the Orb.
     0 | D:1      | Reached XP level 1. HP: 10/10 MP: 7/7
   104 | D:1      | You fall into a shaft and drop 1 floor!
   112 | D:2      | Reached skill level 5 in Spellcasting
   112 | D:2      | Reached XP level 2. HP: 15/15 MP: 1/10
   468 | D:2      | Reached XP level 3. HP: 9/19 MP: 6/12
   757 | D:2      | Noticed Jessica
   760 | D:2      | Killed Jessica
   760 | D:2      | Reached skill level 6 in Spellcasting
   893 | D:2      | Reached XP level 4. HP: 24/24 MP: 5/14
  2241 | D:3      | Reached XP level 5. HP: 28/28 MP: 8/16
  2670 | D:3      | Noticed Ijyb
  2686 | D:3      | Paralysed by Ijyb for 7 turns
  2742 | D:2      | Learned a level 2 spell: Blink
  2746 | D:2      | Learned a level 3 spell: Conjure Flame
  2750 | D:2      | Learned a level 3 spell: Mephitic Cloud
  2802 | D:3      | Paralysed by Ijyb for 5 turns
  2929 | D:3      | Killed Ijyb
  2962 | D:3      | Reached skill level 7 in Spellcasting
  3146 | D:3      | You fall into a shaft and drop 3 floors!
  3147 | D:6      | Found a staircase to the Ecumenical Temple.
  3161 | D:6      | Reached XP level 6. HP: 25/32 MP: 5/18
  3230 | D:6      | Reached skill level 1 in Fire Magic
  3261 | D:6      | Reached skill level 1 in Poison Magic
  3330 | D:6      | Found a sand-covered staircase.
  3331 | D:6      | Noticed a sky beast
  3339 | Ossuary  | Entered an ossuary
  3441 | Ossuary  | Reached skill level 1 in Air Magic
  3490 | Ossuary  | Reached XP level 7. HP: 17/36 MP: 4/20
  4007 | D:5      | Entered Level 5 of the Dungeon
  4083 | D:5      | HP: 1/36 [orc wizard/puff of frost (8)]
  4745 | D:5      | Got a glimmering morningstar
  4820 | D:5      | Found a shattered altar of Ashenzari.
  5161 | D:5      | Reached skill level 8 in Spellcasting
  5971 | D:4      | Found Sasycadd's Food Shop.
  6174 | D:4      | Found Fotzoove's Jewellery Shop.
  6188 | D:4      | Reached skill level 5 in Conjurations
  6188 | D:4      | Reached XP level 8. HP: 36/41 MP: 12/22
  6308 | D:4      | Identified the +7 morningstar "Cilel" {vorpal, Int+3} (You
                  | found it on level 5 of the Dungeon)
  6331 | D:4      | Found Ciaphisoe's Antique Armour Emporium.
  6930 | D:4      | You fall into a shaft and drop 3 floors!
  7237 | D:6      | Reached skill level 9 in Spellcasting
  8043 | D:4      | Found Odui's Distillery.
  8504 | D:6      | Found a shadowy altar of Dithmenos.
  8924 | Temple   | Entered the Ecumenical Temple
  9013 | Temple   | Became a worshipper of Gozag Ym Sagoz the Greedy
  9220 | D:4      | Bought a runed robe for 114 gold pieces
  9289 | D:4      | Bought a potion of curing for 36 gold pieces
  9289 | D:4      | Bought a potion of heal wounds for 60 gold pieces
  9543 | D:7      | Noticed a hornet
  9731 | D:7      | Reached XP level 9. HP: 45/45 MP: 12/24
  9827 | D:7      | Reached skill level 10 in Spellcasting
 10315 | D:7      | Noticed Joseph
 10781 | D:8      | Noticed a two-headed ogre
 10791 | D:8      | Demolished by a two-headed ogre

Illustrated notes

Levels and vault maps discovered:
D:1:      shiori_arrival_maze, layout_loops_ring, chequers_serial_rivers_room_b,
          minmay_hexomino_c4
D:2:      layout_loops_corners, uniq_jessica
D:3:      layout_basic, serial_rivers, chequers_serial_rivers_small_a,
          chequers_serial_rivers_room_a, chequers_serial_rivers_room_a,
          chequers_serial_rivers_micro_a, chequers_serial_rivers_small_3,
          uniq_ijyb
D:4:      layout_basic, serial_undead, serial_undead_c, serial_undead_d,
          serial_undead_b, serial_undead_e, serial_shops, kennysheep_mini,
          nicolae_shop_overgrown_old_shop, nicolae_shop_trees, shop
D:5:      layout_basic, first_ration, hangedman_abyss_or_decor_stagger,
          chequers_serial_rivers_small_a, nicolae_ashenzari_panopticon
D:6:      layout_rooms, temple_fountains, enter_ossuary_1,
          grunt_dithmenos_smoke_and_mirrors
D:7:      layout_gridville, uniq_joseph
D:8:      layout_basic, marbit_many_paths, uniq_maggie
Temple:   minmay_crystal_snake_temple

Skill      XL: |  1  2  3  4  5  6  7  8  9 |
---------------+----------------------------+-----
Spellcasting   | 5 6 7 8 9 10 | 10.2
Dodging        | 3 |  3.4
Stealth        | 3 4 |  4.0
Conjurations   | 2 3 4 5 6 |  6.9
Fire Magic     | 2 3 4 |  4.4
Poison Magic   | 1 2 3 |  3.7
Air Magic      | 1 2 3 |  3.7
Fighting       | |  0.2
Summonings     | |  1.1
Translocations | |  1.9

Action                   |  1- 3 |  4- 6 |  7- 9 || total
-------------------------+-------+-------+-------++-------
Melee: Morningstar       |       |       |     1 ||     1
 Cast: Magic Dart        |    45 |   179 |   371 ||   595
       Conjure Flame     |       |     7 |    25 ||    32
       Blink             |       |     2 |    14 ||    16
       Mephitic Cloud    |       |       |     7 ||     7
  Use: Scroll            |       |       |    16 ||    16
  Eat: Chunk             |       |     5 |    12 ||    17
       Ration            |       |     1 |     3 ||     4
Armor: Robe              |       |     7 |    11 ||    18
Dodge: Dodged            |     8 |    33 |    49 ||    90
